 Dungeon Crawl Stone Soup version 0.30-a0-1074-g5db6f66fbb (webtiles) character file.

Game seed: 13260744008771850829

116 IdlyInterested the Trooper (level 4, 0/37 HPs)
             Began as a Demonspawn Gladiator on Apr 13, 2023.
             Slain by a worm (7 damage)
             ... on level 3 of the Dungeon.
             The game lasted 00:06:51 (1795 turns).

IdlyInterested the Trooper (Demonspawn Gladiator)   Turns: 1795, Time: 00:06:51

Health: 0/37       AC:  7    Str: 14    XL:     4   Next: 69%
Magic:  14/14      EV: 12    Int:  9    God:
Gold:   61         SH:  0    Dex: 23    Spells: 3/3 levels left

rFire   . . .      SeeInvis .    a - +0 rapier
rCold   . . .      Faith    .    (no shield)
rNeg    . . .      Spirit   .    o - +0 ring mail
rPois   .          Reflect  .    c - +0 helmet
rElec   .          Rampage  .    (no cloak)
rCorr   .                        (no gloves)
Will    .....                    u - +0 pair of boots Stlth
                                 m - amulet of the acrobat
HPRegen 0.26/turn                i - ring of magical power
MPRegen 0.28/turn                s - +6 ring of dexterity

@: confused, flying
A: magic regeneration
a: no special abilities


You were on level 3 of the Dungeon.
You visited 1 branch of the dungeon, and saw 3 of its levels.

You collected 61 gold pieces.

Inventory:

Hand Weapons
 a - a +0 rapier (weapon)
Missiles
 d - 3 throwing nets (quivered)
 e - a javelin
 f - 3 atropa-tipped darts
 l - 17 stones
Armour
 b - a +0 leather armour
 c - a +0 helmet (worn)
 o - a +0 ring mail (worn)
 q - a +0 plate armour
 u - a +0 pair of boots (worn)
Jewellery
 i - a ring of magical power (left hand)
 m - an amulet of the acrobat (around neck)
 s - a +6 ring of dexterity (right hand)
Scrolls
 g - 3 scrolls of teleportation {unknown}
 j - a scroll of blinking {unknown}
 n - 2 scrolls of silence {unknown}
 p - a scroll of enchant armour {unknown}
 t - a scroll of identify {unknown}
Potions
 r - a potion of might {unknown}
 v - a potion of brilliance {unknown}


   Skills:
 * Level 3.9 Fighting
 - Level 2.6 Short Blades
 - Level 1.7 Throwing
 - Level 1.0 Armour
 - Level 2.6 Dodging
 - Level 1.0 Stealth
 + Level 2.3 Invocations
 + Level 0.9 Evocations


You had 3 spell levels left.
You didn't know any spells.
Your spell library contained the following spells:

 Spells                   Type           Power      Damage    Failure   Level
 Conjure Ball Lightning   Conj/Air       0%         3x3d6     100%        6
 Discord                  Hex            0%         N/A       100%        8
 Disjunction              Tloc           0%         N/A       100%        8


Dungeon Overview and Level Annotations

Branches:
Dungeon (3/15)

Altars:

Portals:
Sewer: D:3

Annotations:
D:3 Sigmund


Innate Abilities, Weirdness & Mutations

You regenerate magic rapidly.


Message History

You puncture the worm!
The worm is almost dead.
Something barely misses you. The worm closely misses you.
You hit the worm but do no damage.
The worm is almost dead.
Something hits you!
You hit the worm.
You kill the worm!
The bat hits you.
You miss the bat. The bat hits you but does no damage.
A magic dart appears from out of thin air!
The magic dart hits you!
You hit the bat.
The bat is severely wounded.
The bat misses you.
You hear some strange, mumbled words.
You are confused.
You miss the bat.
The bat is severely wounded.
The bat closely misses you. The bat hits you but does no damage.
A magic dart appears from out of thin air!
The magic dart hits you.
A magic dart appears from out of thin air!
The magic dart hits you. The bat completely misses you.
You hear a zap.
A puff of flame appears from out of thin air!
The puff of flame misses you. x2
You hit the bat but do no damage.
The bat is severely wounded.
The bat hits you but does no damage.
A puff of flame appears from out of thin air!
The puff of flame hits you!
* * * LOW HITPOINT WARNING * * *
You hit the bat.
You kill the bat!
It was a potion of flight.
You feel very buoyant.
You fly up into the air.
The worm bites you!
You die...

... ## #.. ..
..# ##. ..# ..
#.# ~ #. ##.#
~.~≈##.##..##
....≈≈†<.w@.#
w...~~†#....#
.∩......#....#
((..≈~..#.#..#
....≈~..#.#....
~~~~##.....###.#
~~~≈ #..... .#
... ~.....# #
.!...#


You could see a worm.

Vanquished Creatures
  4 adders (D:2)
  A worm (D:3)
  2 dart slugs (D:1)
  4 ball pythons
  8 bats
  3 endoplasms
  2 giant cockroaches
  4 goblins
  4 hobgoblins
  17 jackals
  5 kobolds
  4 quokkas
  2 frilled lizards
  5 rats
65 creatures vanquished.

Notes
Turn   | Place    | Note
-------+----------+-------------------------------------------
     0 | D:1      | IdlyInterested the Demonspawn Gladiator began the quest for
                  | the Orb.
     0 | D:1      | Reached XP level 1. HP: 16/16 MP: 1/1
    78 | D:1      | Gained mutation: You regenerate magic rapidly. [demonic
                  | ancestry]
    78 | D:1      | Reached XP level 2. HP: 16/23 MP: 2/2
   364 | D:1      | Reached skill level 1 in Armour
   434 | D:1      | Reached skill level 3 in Fighting
   444 | D:1      | Reached XP level 3. HP: 24/29 MP: 3/3
   447 | D:1      | Reached skill level 1 in Invocations
   967 | D:2      | Reached skill level 1 in Stealth
   967 | D:2      | HP: 1/29 [poisoned by an adder]
  1153 | D:2      | Found a faded altar of an unknown god.
  1167 | D:2      | Reached XP level 4. HP: 24/35 MP: 5/5
  1765 | D:3      | Noticed Sigmund
  1765 | D:3      | Found a glowing drain.
  1795 | D:3      | Slain by a worm

Illustrated notes

Levels and vault maps discovered:
D:1:      pf_arrival_petrified_forest, layout_basic
D:2:      layout_loops_ring, shapermc_ecumenical_altar_starsandcircs
D:3:      layout_rooms, mainiacjoe_overflow_catch_the_wave,
          cheibrodos_sewer_entry_sluice, uniq_sigmund, uniq_natasha

Skill      XL: |  1  2  3  4 |
---------------+-------------+-----
Armour         | 1 |  1.0
Fighting       | 3 |  3.9
Invocations    | 1 2 |  2.3
Stealth        | 1 |  1.0
Short Blades   | |  2.6
Throwing       | |  1.7
Dodging        | |  2.6
Evocations     | |  0.9

Action                     |  1- 3 |  4- 6 || total
---------------------------+-------+-------++-------
  Melee: Rapier            |   160 |    67 ||   227
         Punch             |     2 |       ||     2
  Throw: Dart              |       |     5 ||     5
    Use: Potion            |       |     1 ||     1
   Stab: Sleeping          |     2 |       ||     2
 Armour: Leather armour    |    45 |       ||    45
         Ring mail         |     6 |    22 ||    28
  Dodge: Dodged            |   113 |    49 ||   162

Table legend: (Time is in decaauts)
 A = Elapsed time spent in this place.
 B = Non-inter-level travel time spent in this place.
 C = Inter-level travel time spent in this place.
 D = Time resting spent in this place.
 E = Time spent auto-exploring this place.
 F = Levels seen in this place.
 G = Mean time per level.
                   A        B        C        D        E       F      G
               +--------+--------+--------+--------+--------+-----+--------+
         Total |   1811 |   1712 |     99 |    352 |    783 |   3 |  603.7 |
       Dungeon |   1811 |   1712 |     99 |    352 |    783 |   3 |  603.7 |
               +--------+--------+--------+--------+--------+-----+--------+

Top non-repeatable levels by time:
     D:1: 994 daAuts
     D:2: 786 daAuts
     D:3: 30 daAuts
